 Dungeon Crawl Stone Soup version 0.28-a0-1236-gb25a51b929 (webtiles) character file.

Game seed: 3687793524935964706

16611 wakim the Zephyrmancer (level 12, -2/79 HPs)
             Began as a Deep Elf Air Elementalist on Dec 25, 2021.
             Was a Believer of Ashenzari.
             Shot with an arrow by Nessos (5 damage)
             ... on level 13 of the Dungeon.
             The game lasted 01:04:32 (15123 turns).

wakim the Zephyrmancer (Deep Elf Air Elementalist) Turns: 15123, Time: 01:04:33

Health: -2/79      AC:  8    Str:  4    XL:     12   Next: 11%
Magic:  27/35      EV: 18    Int: 28    God:    Ashenzari [**....]
Gold:   1210       SH:  6    Dex: 15    Spells: 14/27 levels left

rFire   . . .      SeeInvis +   c - +3 long sword "Ensconced Jealousy" {Fort, Alch} (curse)
rCold   . . .      Faith    .   M - +1 buckler "Share My Jealousy" {Elem, Range} (curse)
rNeg    . . .      Spirit   .   P - +0 troll leather armour
rPois   +          Reflect  .   r - +0 helmet of the Revealing God {Alch, Comp} (curse)
rElec   +          Harm     .   u - scarf {+Inv}
rCorr   .          Rampage  .   o - +2 pair of gloves of the Restrained Sage {Stlth+, Alch, Self} (curse)
Will    +....                   (no boots)
Stlth   ++++......              (no amulet)
HPRegen 1.03/turn               n - +4 ring of evasion
MPRegen 0.24/turn               G - ring of Xom's Entertainment {rElec rPois MP+9 Str-5 Int+6}

@: no status effects
A: no striking features
a: Renounce Religion, Evoke Invisibility, Shatter the Chains


You were on level 13 of the Dungeon.
You worshipped Ashenzari.
Ashenzari was pleased with you.
You visited 3 branches of the dungeon, and saw 15 of its levels.

You collected 1466 gold pieces.
You spent 256 gold pieces at shops.

Inventory:

Hand Weapons
 a - a +3 dagger of venom
 b - a +1 long sword of electrocution
 c - the cursed +3 long sword "Ensconced Jealousy" (weapon) {Fort, Alch}
   (You took it off a wight on level 8 of the Dungeon)

   It has a curse which improves the following skills: Fortitude: Armour and
   Shields.
   Alchemy:   Poison Magic and Transmutations.
 O - a +3 hand axe of freezing
Missiles
 t - 5 curare-tipped darts {=f}
 Q - a throwing net {=f!f}
Armour
 o - the cursed +2 pair of gloves of the Restrained Sage (worn) {Stlth+, Alch, Self}
   (You acquired it on level 12 of the Dungeon)

   It has a curse which improves the following skills: Alchemy: Poison Magic and
   Transmutations.
   Introspection: Fighting and Spellcasting.
 r - the cursed +0 helmet of the Revealing God (worn) {Alch, Comp}
   (You found it on level 8 of the Dungeon)

   It has a curse which improves the following skills: Alchemy: Poison Magic and
   Transmutations.
   Companions: Summonings and Necromancy.
 u - a scarf of invisibility (worn)
 M - the cursed +1 buckler "Share My Jealousy" (worn) {Elem, Range}
   (You found it on level 5 of the Dungeon)

   It has a curse which improves the following skills: Elements: Fire Magic, Ice
   Magic, Air Magic and Earth Magic.
   Ranged Combat: Slings, Bows, Crossbows and Throwing.
 P - a +0 troll leather armour (worn)
 W - a scarf of shadows
Jewellery
 m - a ring of resist corrosion
 n - a +4 ring of evasion (left hand)
 q - a +6 ring of intelligence
 s - a ring of ice
 y - a ring of fire
 G - the ring of Xom's Entertainment (right hand) {rElec rPois MP+9 Str-5 Int+6}
   (You acquired it on level 1 of the Dungeon)

   [ring of intelligence]

   Str:       It affects your strength (-5).
   Int:       It affects your intelligence (+6).
   rElec:     It insulates you from electricity.
   rPois:     It protects you from poison.
   MP:        It affects your magic capacity (+9).
Wands
 p - a wand of iceblast (21)
 v - a wand of flame (47)
 w - a wand of acid (4)
 x - a wand of charming (6)
 z - a wand of polymorph (4)
Scrolls
 R - a scroll of magic mapping {!r}
 S - a scroll of summoning
 T - a scroll of teleportation
 U - 5 scrolls of enchant armour
 V - a scroll of vulnerability {!r!r}
 X - 2 scrolls of fog
 Y - 2 scrolls of blinking {!r}
 Z - a scroll of silence {!r}
Potions
 A - 2 potions of ambrosia
 B - a potion of attraction {!q}
 C - a potion of berserk rage {!q}
 D - a potion of brilliance
 E - a potion of cancellation
 F - 5 potions of curing
 H - a potion of haste
 I - 2 potions of invisibility
 J - 4 potions of heal wounds
 K - a potion of magic
 L - 2 potions of lignification {!q}
 N - a potion of might


   Skills:
 - Level 9.1(10.6) Fighting
 - Level 8.0 Dodging
 - Level 6.0 Stealth
 - Level 4.0(5.3) Shields
 + Level 6.5(8.0) Spellcasting
 * Level 6.7 Conjurations
 - Level 4.0 Hexes
 - Level 3.1(4.4) Summonings
 * Level 10.9(12.3) Air Magic
 - Level 4.0 Evocations


You had 14 spell levels left.
You knew the following spells:

 Your Spells              Type           Power      Damage    Failure   Level
a - Shock                 Conj/Air       100%       1d9       1%          1
b - Airstrike             Air            34%        N/A       1%          4
c - Summon Guardian Gole  Hex/Summ       34%        N/A       4%          3
d - Static Discharge      Conj/Air       59%        N/A       1%          2
s - Swiftness             Air            69%        N/A       1%          3

Your spell library contained the following spells:

 Spells                   Type           Power      Damage    Failure   Level
 Summon Small Mammal      Summ           100%       N/A       1%          1
 Call Canine Familiar     Summ           35%        N/A       4%          3
 Freeze                   Ice            48%        1d7       9%          1
 Hailstorm                Conj/Ice       30%        3d8       22%         4
 Frozen Ramparts          Ice            24%        1d4       24%         3
 Ozocubu's Armour         Ice            12%        N/A       24%         3
 Animate Dead             Necr           6%         N/A       63%         4
 Metabolic Englaciation   Hex/Ice        11%        N/A       71%         5
 Simulacrum               Ice/Necr       6%         N/A       100%        6
 Haunt                    Necr/Summ      12%        N/A       100%        7
 Infestation              Necr           6%         N/A       100%        8


Dungeon Overview and Level Annotations

Branches:
Dungeon (13/15)            Temple (1/1) D:6            Lair (1/6) D:8
    Orc (0/2) D:9
 Vaults: D:13-14

Altars:
Ashenzari
Cheibriados
Dithmenos
Elyvilon
Fedhas
Gozag
Hepliaklqana
Kikubaaqudgha
Makhleb
Nemelex Xobeh
Okawaru
Qazlal
Ru
Sif Muna
Trog
Uskayaw
Vehumet
Wu Jian
Xom
Yredelemnul
Zin
The Shining One

Shops:
D:6 [

Portals:
Abyss: D:11

Annotations:
D:11 2 transporters, kMk's ghost, journeyman OpTm
D:13 Nessos


Message History

Confirm with . or Enter, or press ? or * to list all spells.
Aiming: Airstrike (mildly dangerous; 1% risk of failure)
Press: ? - help, Dir - move target, f - Nessos
Aim: Nessos, wielding a +3 longbow of flaming, wearing a +2 barding of fire resistance and quivering arrows (empty space bonus: 4/8)
Okay, then.
Nessos gestures wildly while chanting.
Nessos blinks!
A centaur warrior comes into view.
Nessos casts a spell.
Nessos blinks!
You see here 21 arrows.
Nessos shoots an arrow.
You block the arrow.
Nessos shoots an arrow.
The arrow hits you!! The arrow burns you!
Nessos gestures wildly while chanting.
Nessos blinks!
Nessos shoots an arrow.
The arrow hits you!
* * * LOW HITPOINT WARNING * * *
The arrow burns you!
* * * LOW HITPOINT WARNING * * *
Casting: Airstrike (mildly dangerous; 1% risk of failure)
Confirm with . or Enter, or press ? or * to list all spells.
Aiming: Airstrike (mildly dangerous; 1% risk of failure)
Press: ? - help, Dir - move target, f - Nessos
Aim: Nessos, wielding a +3 longbow of flaming, wearing a +2 barding of fire resistance and quivering arrows (empty space bonus: 4/8)
The air twists around and strikes Nessos!
Nessos is lightly wounded.
Nessos gestures wildly while chanting.
Nessos seems to speed up.
Casting: Airstrike (mildly dangerous; 1% risk of failure)
Confirm with . or Enter, or press ? or * to list all spells.
Aiming: Airstrike (mildly dangerous; 1% risk of failure)
Press: ? - help, Dir - move target, f/p - Nessos
Aim: Nessos, wielding a +3 longbow of flaming, wearing a +2 barding of fire resistance and quivering arrows (lightly wounded, fast, empty space bonus: 3/8)
The air twists around and strikes Nessos!
Nessos is moderately wounded.
Nessos shoots an arrow.
You block the arrow.
Nessos shoots an arrow.
The arrow hits you!!
* * * LOW HITPOINT WARNING * * *
The arrow burns you.
You die...

*#, #.# ##.# , *
##.#,.. ##..#
.....#.....#.## * *
#..§##.###.## * *
*#(...## ##.# *
#####(###.#####
##.......# ##.#.##...
,, ........#
##.###.########........
#.c..@................
#####.########.>......
#.# #........ * #.#
#.......# * * , ..#
*#....... .## #.#####.
#.# . #.# #. * #.##.
#####.#####. , #.#
#........>..


You could see Nessos (fast).

Vanquished Creatures
  5 two-headed ogres
  A phantasmal warrior (D:13)
  An ugly thing (D:11)
  A cyclops (D:12)
  Maurice (D:9)
  A freezing wraith (D:13)
  7 trolls
  2 hornets (D:9)
  A shadow (D:8)
  Sigmund (D:2)
  3 vampires (D:12)
  19 yaks
  A fire elemental (D:12)
  A steam dragon (D:7)
  2 water moccasins
  2 ice beasts (D:6)
  4 orc warriors
  2 black bears (D:5)
  A necrophage (D:4)
  2 wolves (D:8)
  6 centaurs
  4 phantoms
  A kobold brigand (D:7)
  A bullfrog (D:9)
  A gnoll sergeant (D:8)
  3 scorpions
  A wyvern skeleton (D:7)
  2 water moccasin zombies
  2 water moccasin skeletons
  15 killer bees
  4 electric eels
  8 wights
  A howler monkey (D:9)
  A centaur zombie (D:9)
  A bullfrog zombie (D:7)
  4 hounds
  2 jellies
  9 orc priests
  A gnoll shaman (D:7)
  2 centaur skeletons (D:7)
  An iguana (D:7)
  8 orc wizards
  4 howler monkey zombies
  9 gnolls
  9 adders
  4 shadow imps
  A white imp (D:6)
  A worm (D:4)
  33 orcs
  2 endoplasms
  A giant cockroach (D:3)
  9 goblins
  8 hobgoblins
  6 jackals
  4 quokkas
  6 ball pythons
  8 bats
  2 frilled lizards
  7 kobolds
  4 rats
254 creatures vanquished.

Vanquished Creatures (others)
  A boulder beetle (D:13)
  A cyclops (D:12)
  2 yaks (D:10)
  A wolf (D:8)
  An orc wizard (D:10)
  An orc (D:10)
  4 plants
11 creatures vanquished.

Grand Total: 265 creatures vanquished

Notes
Turn   | Place    | Note
-------+----------+-------------------------------------------
     0 | D:1      | wakim the Deep Elf Air Elementalist began the quest for the
                  | Orb.
     0 | D:1      | Reached XP level 1. HP: 10/10 MP: 6/6
   306 | D:1      | Reached XP level 2. HP: 12/15 MP: 8/8
   378 | D:1      | Learned a level 2 spell: Static Discharge
  1008 | D:1      | Identified a scroll of acquirement
  1008 | D:1      | Acquired the ring of Xom's Entertainment {rElec rPois MP+9
                  | Str-5 Int+6}
  1010 | D:1      | Lost strength.
  1282 | D:2      | Noticed Sigmund
  1327 | D:3      | Found a transporter.
  1335 | D:3      | Noticed an electric eel
  1335 | D:3      | Noticed an electric eel
  1337 | D:3      | Noticed an electric eel
  1341 | D:3      | Found a transporter.
  1439 | D:3      | Reached XP level 3. HP: 5/19 MP: 3/9
  1658 | D:3      | Acquired 855 gold pieces
  1890 | D:2      | Found a faded altar of an unknown god.
  1896 | D:2      | Reached XP level 4. HP: 24/24 MP: 11/11
  1930 | D:2      | Reached skill level 4 in Air Magic
  2183 | D:3      | Learned a level 4 spell: Airstrike
  2205 | D:4      | Noticed a phantom
  2459 | D:3      | Reached XP level 5. HP: 28/28 MP: 12/13
  3119 | D:4      | Reached skill level 5 in Air Magic
  3119 | D:4      | Reached XP level 6. HP: 30/32 MP: 14/14
  3143 | D:4      | Found a transporter.
  3162 | D:4      | Found a transporter.
  3283 | D:4      | Reached skill level 5 in Conjurations
  3433 | D:4      | Reached XP level 7. HP: 34/36 MP: 8/15
  3560 | D:4      | Reached skill level 6 in Air Magic
  3889 | D:5      | Entered Level 5 of the Dungeon
  3892 | D:5      | Reached skill level 7 in Air Magic
  4261 | D:5      | Reached skill level 1 in Shields
  4261 | D:5      | Reached XP level 8. HP: 41/41 MP: 12/16
  4424 | D:6      | You fall into a shaft and drop 2 floors!
  4521 | D:8      | !bestwep
  4534 | D:8      | Reached skill level 8 in Air Magic
  4562 | D:8      | :!bestwep
  4745 | D:7      | !bestwep
  4976 | D:6      | Learned a level 3 spell: Swiftness
  5005 | D:6      | Reached skill level 1 in Fighting
  5276 | D:6      | Found a staircase to the Ecumenical Temple.
  5288 | Temple   | Entered the Ecumenical Temple
  5317 | Temple   | Became a worshipper of Ashenzari the Shackled
  5616 | D:6      | Reached skill level 5 in Spellcasting
  5723 | D:6      | Found Anyer's Antique Armour Emporium.
  5726 | D:6      | Bought a warped buckler for 256 gold pieces
  5726 | D:6      | Identified the +2 buckler of the Candlemaker {-Tele Fly
                  | MP+9 Str+9} (You bought it in a shop on level 6 of the
                  | Dungeon)
  5748 | D:6      | Noticed a two-headed ogre
  5753 | D:6      | Reached XP level 9. HP: 31/49 MP: 18/18
  6031 | D:6      | !bestwep
  6308 | D:2      | Killed Sigmund
  6716 | D:6      | Killed a two-headed ogre
  6717 | D:6      | Reached skill level 9 in Air Magic
  6808 | D:7      | Reached skill level 10 in Air Magic
  6923 | D:7      | Reached skill level 1 in Evocations
  7613 | D:7      | Learned a level 3 spell: Summon Guardian Golem
  7663 | D:7      | !bestwep
  7806 | D:8      | Noticed a troll
  8036 | D:8      | Killed a troll
  8037 | D:8      | Reached XP level 10. HP: 31/58 MP: 13/19
  8178 | D:8      | Noticed a two-headed ogre
  8473 | D:8      | Found a staircase to the Lair.
  8659 | D:8      | Reached skill level 5 in Fighting
  8659 | D:8      | Reached skill level 5 in Dodging
  8855 | D:8      | Found a sacrificial altar of Ru.
  9039 | D:8      | Reached * piety under Ashenzari
  9291 | D:8      | Killed a two-headed ogre
  9510 | Lair:1   | Entered Level 1 of the Lair of Beasts
  9521 | Lair:1   | Reached skill level 1 in Hexes
  9543 | D:8      | Reached skill level 1 in Summonings
 10022 | D:9      | Noticed Maurice
 10094 | D:9      | Killed Maurice
 10138 | D:9      | Reached skill level 5 in Stealth
 10528 | D:9      | Reached XP level 11. HP: 64/64 MP: 17/22
 10716 | D:9      | Found a staircase to the Orcish Mines.
 11043 | D:10     | Entered Level 10 of the Dungeon
 11052 | D:10     | Reached ** piety under Ashenzari
 12350 | D:11     | Noticed a two-headed ogre
 12358 | D:11     | Killed a two-headed ogre
 12453 | D:11     | Found a transporter.
 12501 | D:11     | Found a transporter.
 12523 | D:11     | Found a one-way gate to the infinite horrors of the Abyss.
 12523 | D:11     | Noticed a rakshasa
 12523 | D:11     | Noticed kMk's ghost (journeyman OpTm)
 12732 | D:11     | Noticed a purple ugly thing
 12754 | D:11     | Killed a purple ugly thing
 13054 | D:11     | Noticed a two-headed ogre
 13067 | D:11     | Killed a two-headed ogre
 14454 | D:12     | Acquired a +1 pair of gloves of stealth
 14650 | D:13     | Noticed a boulder beetle
 14669 | D:13     | Noticed a two-headed ogre
 14670 | D:13     | Killed a boulder beetle
 14671 | D:13     | Reached XP level 12. HP: 79/79 MP: 13/25
 14700 | D:12     | Killed a two-headed ogre
 14873 | D:13     | Noticed a death knight
 15086 | D:13     | Noticed a vault guard
 15086 | D:13     | Noticed a death knight
 15086 | D:13     | Noticed a tengu warrior
 15111 | D:13     | Noticed Nessos
 15113 | D:13     | Noticed a centaur warrior
 15123 | D:13     | HP: 3/79 [Nessos/arrow (26)]
 15123 | D:13     | Shot with an arrow by Nessos

Illustrated notes #.....#.#.##### #####.#.......# #.#.....#.# #.#.......# #)#.#...#.# #.#.#.### #...#.# ########.# #..@.....# #.######## #.# #.# #.# ... .o. zz. ..... Turn 4521 on D:8: !bestwep #.....#.#.##### #####.#.......# #.#.....#.# #.#.......# #)#.#...#.# #.#.#.### #...#.# ########.# #@)).....# #)######## #.# #.# ## ####.##...#. #...[....... #............ #............ #............ Turn 4562 on D:8: :!bestwep ## ) .# # ####. .. ### ... .## .#. #.# ... #.. #@# .. #g< #†###.# ####.. #..>.# ..... #.#.## #.###..########.#.###. #.....?.......)........ #..##..####..##.###.#.$ #.. #..##.# .# #.. #..##.# # Turn 4745 on D:7: !bestwep

# # #.# # #.# # #.### # #...####
# ##...... # #..... ## #..)# .#
#@.# ## .## #..# #####. ..# #..#
####....# ..## ##.#
#####......## ...#
#)###..........# ...#########
##..............#
#..........#####..#............#
...######........#............##
.### #######...............#


Turn 6031 on D:6: !bestwep ####..##.### #..#..#..#..# .....#............###...##
####..##.# #.###.......## .........###.##...###...## ####............#..#..#..##
# #...>.......###...###..# ####..# #...#..#..#...# ......# #.....#.......#
#####.# #.[@........## ......# ############# ####### Turn 7663 on D:7: !bestwep

Levels and vault maps discovered:
D:1:      erik_arrival_triangle_small, layout_basic
D:2:      layout_loops_cross, hellmonk_ecumenical_altar_lost_god,
          hangedman_decor_riveting, uniq_sigmund
D:3:      gammafunk_steamed_eel, layout_loops_ring, minmay_cupped
D:4:      gammafunk_wand_slinger, layout_basic
D:5:      layout_rooms
D:6:      layout_cave_pods, temple_fountains, serial_shops, kennysheep_mini
D:7:      layout_loops_ring, minmay_strange_pillars
D:8:      layout_basic, old_standard_altar, erik_lair_island
D:9:      layout_basic, orc_0_dummy, serial_curves, eino_curves_04,
          eino_curves_02, minmay_puff, uniq_maurice
D:10:     layout_gridville
D:11:     layout_loops_ring, gammafunk_ghost_abyssal_escape,
          chequers_serial_rivers_large_b
D:12:     layout_basic, kennysheep_generic_room_2
D:13:     dreamdust_isle_of_ice, layout_loops_ring,
          lightli_vaults_fourway_checkpoint, serial_shops, kennysheep_mini_moat,
          uniq_frances, uniq_sonja, uniq_nessos
Temple:   nicolae_temple_the_god_donut
Lair:1:   layout_concentric_octagons, lemuel_fruit_fields

Skill      XL: |  1  2  3  4  5  6  7  8  9 10 11 |
---------------+----------------------------------+-----
Conjurations   | 2 3 4 5 6 |  6.7
Air Magic      | 4 5 7 8 10 | 10.9
Spellcasting   | 4 5 6 |  6.5
Shields        | 1 4 |  4.0
Fighting       | 2 4 6 9 |  9.1
Dodging        | 4 6 8 |  8.0
Evocations     | 3 4 |  4.0
Hexes          | 4 |  4.0
Stealth        | 6 |  6.0
Summonings     | 3 |  3.1

Action                   |  1- 3 |  4- 6 |  7- 9 | 10-12 || total
-------------------------+-------+-------+-------+-------++-------
Melee: Unarmed           |     6 |       |       |       ||     6
       Hand axe          |     7 |       |       |       ||     7
       Short sword       |     4 |       |       |       ||     4
       Rapier            |       |     2 |       |       ||     2
       Dagger            |       |    11 |    16 |       ||    27
       Long sword        |       |       |       |    61 ||    61
 Cast: Shock             |    59 |    38 |   130 |   115 ||   342
       Static Discharge  |     3 |    15 |    36 |    81 ||   135
       Airstrike         |       |     1 |    39 |    82 ||   122
       Swiftness         |       |       |       |     3 ||     3
       Summon Guardian G |       |       |       |     8 ||     8
Invok: Curse Item        |       |       |     1 |     3 ||     4
Evoke: Wand              |       |     4 |       |     2 ||     6
  Use: Scroll            |     7 |     1 |     9 |     3 ||    20
       Potion            |     1 |       |       |       ||     1
 Stab: Sleeping          |     2 |       |     1 |     1 ||     4
Armor: Robe              |    14 |     5 |     8 |     1 ||    28
       Troll leather arm |       |       |       |    26 ||    26
Dodge: Dodged            |    48 |    32 |    72 |   179 ||   331
Block: Buckler           |       |       |    23 |    73 ||    96

Table legend: (Time is in decaauts)
 A = Elapsed time spent in this place.
 B = Non-inter-level travel time spent in this place.
 C = Inter-level travel time spent in this place.
 D = Time resting spent in this place.
 E = Time spent auto-exploring this place.
 F = Levels seen in this place.
 G = Mean time per level.
                   A        B        C        D        E       F      G
               +--------+--------+--------+--------+--------+-----+--------+
         Total |  15233 |  14036 |   1197 |   2707 |   5681 |  15 | 1015.5 |
       Dungeon |  14967 |  13778 |   1189 |   2707 |   5467 |  13 | 1151.3 |
        Temple |    254 |    246 |      8 |      0 |    214 |   1 |  254.0 |
          Lair |     11 |     11 |      0 |      0 |      0 |   1 |   11.0 |
               +--------+--------+--------+--------+--------+-----+--------+

Top non-repeatable levels by time:
     D:7: 1702 daAuts
     D:8: 1654 daAuts
    D:12: 1522 daAuts
     D:3: 1458 daAuts
     D:9: 1330 daAuts
    D:11: 1298 daAuts
     D:1: 1154 daAuts
     D:4: 1098 daAuts
     D:6: 1095 daAuts
    D:10: 1003 daAuts
     D:5: 728 daAuts
     D:2: 613 daAuts
    D:13: 306 daAuts
  Temple: 254 daAuts
  Lair:1: 11 daAuts
